 Dungeon Crawl Stone Soup version 0.28.0-53-g5a82cb258f (webtiles) character file.

Game seed: 18077349791828125623

3255 NinjaNoafa the Slicer (level 9, -1/75 HPs)
             Began as a Minotaur Monk on May 26, 2022.
             Was a Believer of Ru.
             Slain by Erica
             ... wielding a +0 scimitar of flaming
              (11 damage)
             ... on level 8 of the Dungeon on May 28, 2022.
             The game lasted 00:18:35 (8102 turns).

NinjaNoafa the Slicer (Minotaur Monk)               Turns: 8102, Time: 00:18:36

Health: -1/75      AC: 18    Str: 16    XL:     9   Next: 67%
Magic:  7/8        EV:  6    Int: 10    God:    Ru [**....]
Gold:   169        SH:  0    Dex: 17    Spells: 8/8 levels left

rFire   + + .      SeeInvis .   h - +4 dagger of Putrescence {elec, +Blink rF++ Int+3}
rCold   . . .      Faith    .   (no shield)
rNeg    . . .      Spirit   .   r - +0 plate armour
rPois   +          Reflect  .   (helmet restricted)
rElec   +          Harm     .   v - +2 cloak
rCorr   +          Rampage  .   (no gloves)
Will    .....                   p - +0 pair of boots
Stlth   ..........              (no amulet)
HPRegen 0.22/turn               i - +4 ring of slaying
MPRegen 0.11/turn               n - +4 ring of slaying

@: lethally poisoned (-1 -> -2), resistant, slowed, very slow
A: horns 2, temperature sensitive, retaliatory headbutt
a: Renounce Religion, Evoke Blink


You were on level 8 of the Dungeon.
You worshipped Ru.
Ru was pleased with you.
You visited 2 branches of the dungeon, and saw 9 of its levels.

You collected 267 gold pieces.
You spent 98 gold pieces at shops.

Inventory:

Hand Weapons
 h - the +4 dagger of Putrescence (weapon) {elec, +Blink rF++ Int+3}
   (You found it on level 2 of the Dungeon)

   It occasionally discharges a powerful burst of electricity upon striking a
   foe.
   Int:       It affects your intelligence (+3).
   rF:        It greatly protects you from fire.
   +Blink:    It lets you blink.
Missiles
 d - 284 stones
 e - 14 poisoned darts (quivered)
Armour
 p - a +0 pair of boots (worn)
 r - a +0 plate armour (worn)
 v - a +2 cloak (worn)
Jewellery
 i - a +4 ring of slaying (left hand)
 n - a +4 ring of slaying (right hand)
 s - a ring of see invisible
 t - a +6 ring of intelligence
Wands
 b - a wand of polymorph (7)
Scrolls
 a - a scroll of immolation
 c - 3 scrolls of blinking
 f - 3 scrolls of amnesia
 g - 3 scrolls of teleportation
 k - 2 scrolls of magic mapping
 q - a scroll of enchant weapon
 u - a scroll of enchant armour {unknown}
 w - a scroll of fear {unknown}
 x - 2 scrolls of identify
Potions
 l - 2 potions of haste
 m - a potion of degeneration


   Skills:
 - Level 6.0 Fighting
 - Level 9.0 Short Blades
 - Level 4.2 Axes
 - Level 8.0 Armour
 - Level 3.2 Dodging
 - Level 1.5 Stealth
 + Level 6.7 Evocations


You had 8 spell levels left.
You didn't know any spells.
Your spell library contained the following spells:

 Spells                   Type           Power      Damage    Failure   Level
 Sandblast                Erth           0%         2d4       100%        1
 Passwall                 Tmut/Erth      0%         N/A       100%        2
 Dazzling Flash           Conj/Hex       0%         N/A       100%        3
 Stone Arrow              Conj/Erth      0%         3d7       100%        3
 Iskenderun's Mystic Bla  Conj/Tloc      0%         2d3       100%        4
 Starburst                Conj/Fire      0%         6d3       100%        6


Dungeon Overview and Level Annotations

Branches:
Dungeon (8/15)             Temple (1/1) D:7
   Lair: D:8-11

Altars:
Ashenzari
Cheibriados
Dithmenos
Elyvilon
Fedhas
Gozag
Hepliaklqana
Kikubaaqudgha
Makhleb
Nemelex Xobeh
Okawaru
Qazlal
Ru
Sif Muna
Trog
Uskayaw
Vehumet
Wu Jian
Xom
Yredelemnul
The Shining One

Shops:
D:2 (?*(

Annotations:
D:8 Erica


Innate Abilities, Weirdness & Mutations

You have a pair of horns on your head.
You are sensitive to extremes of temperature. (rF-, rC-)
You reflexively headbutt those who attack you in melee.


Message History

* * * LOW HITPOINT WARNING * * *
You redirect the steam dragon's attack!
The steam dragon bites itself.
The steam dragon claws itself but does no damage.
You see here a wyvern corpse.
You feel much better.
You feel very sick.
The steam dragon bites you but does no damage.
The steam dragon claws you but does no damage.
The steam dragon barely misses you. The steam dragon closely misses you.
You are too confused!
You feel very sick.
The steam dragon begins to attack, but is stunned by your conviction!
Okay, then.
You feel protected.
You feel less confused.
You feel very sick.
You redirect the steam dragon's attack!
Something hits you but does no damage. The steam dragon barely misses you.
You furiously retaliate!
You headbutt the steam dragon!
The steam dragon claws you but does no damage.
Something hits you but does no damage.
Okay, then.
You blink.
You feel sick.
Erica appears from thin air!
Reactivating autopickup.
The steam dragon bites you but does no damage.
The steam dragon claws you.
* * * LOW HITPOINT WARNING * * *
Erica hits you with a +0 scimitar of flaming.
* * * LOW HITPOINT WARNING * * *
You feel sick.
The steam dragon bites you but does no damage.
The steam dragon claws you but does no damage.
Erica hits you but does no damage.
There is a stone staircase leading down, spattered with blood here.
You feel stable enough to blink again.
You feel sick.
The steam dragon bites you but does no damage.
The steam dragon claws you but does no damage.
Erica hits you with a +0 scimitar of flaming!
You die...

#.....))). #.........
#......... ########
#.........
######......###.........
#...............########
#............####
#.......@...##
#......@D†...####
#.................
#...........###...
#...........# ##
#...(.#####... #.....
###... ###### ##.. . .
..


You could see Erica and a steam dragon.

Vanquished Creatures
  Sigmund (D:2)
  A wyvern (D:8)
  Edmund (D:5)
  2 water moccasins (D:7)
  An orc warrior (D:8)
  2 ice beasts
  2 sky beasts
  3 necrophages (D:5)
  A bullfrog (D:8)
  A water moccasin zombie (D:6)
  5 scorpions
  2 wyvern skeletons (D:7)
  3 water moccasin skeletons
  3 killer bees (D:4)
  A howler monkey (D:4)
  3 bullfrog zombies
  4 hounds
  3 jellies
  Crazy Yiuf (D:7)
  2 centaur skeletons
  A gnoll shaman (D:7)
  6 orc priests
  A bullfrog skeleton (D:5)
  5 iguanas
  3 orc wizards
  Terence (D:2)
  A hound skeleton (D:5)
  Robin (D:2)
  8 gnolls
  A howler monkey skeleton (D:7)
  6 adders
  A shadow imp (D:8)
  A white imp (D:6)
  A dart slug (D:5)
  14 orcs
  5 endoplasms
  6 giant cockroaches
  15 goblins
  12 hobgoblins
  7 jackals
  8 kobolds
  A quokka (D:3)
  7 ball pythons
  9 bats
  2 frilled lizards
  5 rats
170 creatures vanquished.

Vanquished Creatures (others)
  A killer bee zombie (D:8)
1 creature vanquished.

Grand Total: 171 creatures vanquished

Notes
Turn   | Place    | Note
-------+----------+-------------------------------------------
     0 | D:1      | NinjaNoafa the Minotaur Monk began the quest for the Orb.
     0 | D:1      | Reached XP level 1. HP: 19/19 MP: 0/0
   300 | D:1      | Reached skill level 1 in Armour
   344 | D:1      | Reached XP level 2. HP: 27/27 MP: 1/1
  1217 | D:2      | Reached XP level 3. HP: 21/33 MP: 2/2
  1322 | D:2      | Found Penoz's Weapon Shoppe.
  1376 | D:2      | Found Qisuck's Magic Scroll Emporium.
  1393 | D:2      | Bought a scroll of identify for 22 gold pieces
  1406 | D:2      | Identified the +4 dagger of Putrescence {elec, +Blink rF++
                  | Int+3}
  1422 | D:2      | Found Gooh Kuk's Antique Weapon Shoppe.
  1519 | D:2      | Found a faded altar of an unknown god.
  1558 | D:2      | Noticed Robin
  1574 | D:2      | Reached skill level 1 in Short Blades
  1583 | D:2      | Killed Robin
  1584 | D:2      | Reached skill level 2 in Short Blades
  1585 | D:2      | Reached XP level 4. HP: 30/40 MP: 3/3
  1766 | D:2      | Noticed Terence
  1772 | D:2      | Killed Terence
  1839 | D:2      | Reached skill level 3 in Short Blades
  2069 | D:2      | Noticed Sigmund
  2115 | D:2      | Killed Sigmund
  2116 | D:2      | Reached skill level 4 in Short Blades
  2116 | D:2      | Reached XP level 5. HP: 26/46 MP: 4/4
  2312 | D:2      | Found Xedek's General Store.
  2485 | D:3      | Reached XP level 6. HP: 51/52 MP: 5/5
  3348 | D:4      | Reached skill level 1 in Evocations
  3461 | D:4      | Reached skill level 5 in Armour
  3798 | D:4      | Reached XP level 7. HP: 45/59 MP: 6/6
  4042 | D:4      | Reached skill level 5 in Short Blades
  4080 | D:2      | Bought a +0 pair of boots for 54 gold pieces
  4272 | D:5      | Entered Level 5 of the Dungeon
  4398 | D:5      | Noticed Edmund
  4405 | D:5      | Killed Edmund
  4406 | D:5      | Reached skill level 6 in Short Blades
  4526 | D:5      | Reached skill level 7 in Short Blades
  4531 | D:5      | Reached XP level 8. HP: 45/66 MP: 7/7
  4646 | D:5      | Reached skill level 8 in Short Blades
  4702 | D:5      | Reached skill level 5 in Fighting
  5667 | D:6      | Reached XP level 9. HP: 69/75 MP: 8/8
  6055 | D:6      | Reached skill level 9 in Short Blades
  6347 | D:2      | Bought a scroll of identify for 22 gold pieces
  6879 | D:7      | Found a runed translucent door.
  6880 | D:7      | Noticed Crazy Yiuf
  6890 | D:7      | Killed Crazy Yiuf
  7019 | D:7      | Found a staircase to the Ecumenical Temple.
  7028 | Temple   | Entered the Ecumenical Temple
  7273 | Temple   | Became a worshipper of Ru the Awakened
  7277 | Temple   | Gained mutation: You are sensitive to extremes of
                  | temperature. (rF-, rC-) [Ru sacrifice]
  7277 | Temple   | Reached * piety under Ru
  7277 | Temple   | Reached ** piety under Ru
  7397 | D:7      | Reached skill level 5 in Evocations
  8046 | D:8      | Noticed Erica
  8102 | D:8      | Slain by Erica

Illustrated notes

Levels and vault maps discovered:
D:1:      dpeg_arrival_lava_altar, layout_basic, minmay_misc_feat_rows
D:2:      layout_basic, serial_shops, shop, nicolae_shop_trees, shop,
          nicolae_lakefront_shop, hellmonk_ecumenical_altar_arch_garden,
          chequers_serial_rivers_micro_e, uniq_terence, uniq_robin, uniq_sigmund
D:3:      layout_basic, roderic_roman_lattice, kennysheep_generic_room_10
D:4:      layout_gridville
D:5:      minmay_opposing_rooms, layout_loops_ring, glass_columns_c, uniq_edmund
D:6:      layout_loops_cross
D:7:      layout_loops_ring, temple_hall, uniq_crazy_yiuf_cottage
D:8:      layout_rooms, zin_statuary, gammafunk_ghost_stat_death, uniq_erica,
          uniq_harold
Temple:   minmay_crystal_snake_temple

Skill      XL: |  1  2  3  4  5  6  7  8  9 |
---------------+----------------------------+-----
Armour         | 1 2 4 5 7 8 |  8.0
Fighting       | 4 6 |  6.0
Axes           | 4 |  4.2
Short Blades   | 2 4 7 8 9 |  9.0
Evocations     | 3 6 |  6.7
Dodging        | |  3.2
Stealth        | |  1.5

Action                   |  1- 3 |  4- 6 |  7- 9 || total
-------------------------+-------+-------+-------++-------
Melee: Hand axe          |    49 |       |       ||    49
       Headbutt          |    10 |    10 |    46 ||    66
       Dagger            |    20 |    76 |   200 ||   296
       Punch             |     2 |     1 |     1 ||     4
Throw: Dart              |       |     6 |    12 ||    18
       Stone             |       |     6 |       ||     6
Invok: Sacrifice Resista |       |       |     1 ||     1
 Abil: Evoke Blink       |       |       |     3 ||     3
  Use: Scroll            |     2 |     3 |     6 ||    11
       Potion            |     1 |     2 |     8 ||    11
 Stab: Sleeping          |     4 |       |       ||     4
       Distracted        |     1 |       |       ||     1
       Invisible         |       |       |     3 ||     3
Armor: Robe              |    11 |       |       ||    11
       Ring mail         |     4 |     2 |       ||     6
       Skin              |       |    10 |       ||    10
       Chain mail        |       |    40 |    41 ||    81
       Plate armour      |       |       |    78 ||    78
Dodge: Dodged            |    61 |    41 |    69 ||   171
